 Dungeon Crawl Stone Soup version 0.27-b1-23-g44b8eac545 (webtiles) character file.

Game seed: 12210590946258628232

369 Crownlay the Skirmisher (level 6, -11/87 HPs)
             Began as a Hill Orc Berserker on July 27, 2021.
             Was a Believer of Trog.
             Killed by divine providence
             ... invoked by an orc priest
              (14 damage)
             ... on level 5 of the Dungeon.
             The game lasted 00:08:41 (3936 turns).

Crownlay the Skirmisher (Hill Orc Berserker)        Turns: 3936, Time: 00:08:43

Health: -11/87     AC: 13    Str: 22    XL:     6   Next: 70%
Magic:  6/6        EV: 10    Int:  7    God:    Trog [**....]
Gold:   245        SH:  0    Dex: 10    Spells: 5/5 levels left

rFire    + . .     SeeInvis .   a - +4 lajatang
rCold    . . .     Faith    .   (shield currently unavailable)
rNeg     . . .     Spirit   .   q - +3 scale mail
rPois    .         Reflect  .   e - +0 helmet
rElec    .         Harm     .   (no cloak)
rCorr    .         Rampage  .   l - +0 pair of gloves
Will     .....                  d - +0 pair of boots
Stlth    ..........             (no amulet)
HPRegen  0.24/turn              c - +4 ring of protection
MPRegen  0.10/turn              g - ring of protection from fire

@: berserking (expiring), corroded, very quick
A: no striking features
a: Renounce Religion, Convert to Beogh, Berserk, Trog's Hand


You were on level 5 of the Dungeon.
You worshipped Trog.
Trog was pleased with you.
You visited 1 branch of the dungeon, and saw 5 of its levels.

You collected 245 gold pieces.

Inventory:

Hand Weapons
 a - a +4 lajatang (weapon)
 t - a +0 war axe
Armour
 d - a +0 pair of boots (worn)
 e - a +0 helmet (worn)
 l - a +0 pair of gloves (worn)
 q - a +3 scale mail (worn)
Jewellery
 c - a +4 ring of protection (left hand)
 g - a ring of protection from fire (right hand)
 r - a ring of protection from fire
Scrolls
 f - a scroll of amnesia {unknown}
 h - a scroll of summoning
 j - a scroll of holy word {unknown}
 k - a scroll of noise {unknown}
 m - a scroll of teleportation {unknown}
 n - a scroll of silence {unknown}
 p - a scroll of immolation {unknown}
 s - a scroll of magic mapping {unknown}
 u - a scroll of fear {unknown}
Potions
 b - a potion of brilliance {unknown}
 i - a potion of attraction {unknown}
 v - 2 potions of might {unknown}


   Skills:
 * Level 6.3 Fighting
 - Level 4.0 Axes
 + Level 0.3 Staves
 * Level 4.5 Armour
 + Level 3.0 Dodging
 + Level 0.3 Stealth


You had 5 spell levels left.
You didn't know any spells.
Your spell library was empty.

Dungeon Overview and Level Annotations

Branches:
Dungeon (5/15)
 Temple: D:4-7

Altars:


Message History

The orc priest begins to cast a cantrip, but forgets the words!
The orc warrior hits you from afar with a +0 glaive.
The hound bites you but does no damage.
You barely miss the hound.
The hound is heavily wounded.
The jelly barely misses you. The hound bites you.
The orc warrior closely misses you.
You slash the hound!
You kill the hound!
Trog accepts your kill. The jelly hits you but does no damage.
The orc warrior hits you from afar with a +0 glaive.
The orc wizard closely misses you.
You are too injured to fight recklessly!
The orc priest looks braver for a moment.
You see here an adder corpse.
You barely miss the jelly. The jelly completely misses you.
You slash the jelly! The acid corrodes you!
Your hands burn!
The jelly is heavily wounded.
The orc warrior hits you but does no damage.
The jelly barely misses you.
You slash the jelly!
You kill the jelly!
Trog accepts your kill.
The orc warrior hits you from afar with a +0 glaive!
The orc wizard hits you but does no damage.
The orc priest invokes the aid of Beogh against you.
Beogh smites you!
* * * LOW HITPOINT WARNING * * *
You closely miss the orc wizard.
The orc warrior hits you from afar with a +0 glaive!
* * * LOW HITPOINT WARNING * * *
The orc wizard hits you but does no damage.
You completely miss the orc wizard.
The orc warrior hits you from afar with a +0 glaive!
* * * LOW HITPOINT WARNING * * *
The orc wizard hits you but does no damage.
The orc priest mumbles some strange prayers to Beogh against you.
Beogh smites you!
You die...

.# #.# ...
#.# #.#
##.## .
#...####...
#o#o.......
#@oo.......
###...####.
.....#
.........
##.....###
##...##
##.## .#


You could see an orc warrior, 2 orc priests and an orc wizard.

Vanquished Creatures
  A scorpion (D:3)
  A water moccasin skeleton (D:4)
  2 hounds
  A jelly (D:5)
  Jessica (D:2)
  2 iguanas (D:4)
  3 adders
  3 worms
  7 endoplasms
  4 giant cockroaches
  9 goblins
  11 hobgoblins
  4 jackals (D:2)
  2 quokkas
  7 ball pythons
  2 bats (D:1)
  3 frilled lizards
  A kobold (D:1)
  A rat (D:2)
  A spectral kobold (D:1)
66 creatures vanquished.

Notes
Turn   | Place    | Note
-------+----------+-------------------------------------------
     0 | D:1      | Crownlay the Hill Orc Berserker began the quest for the
                  | Orb.
     0 | D:1      | Reached XP level 1. HP: 19/19 MP: 1/1
   104 | D:1      | Found a faded altar of an unknown god.
   169 | D:1      | Reached skill level 4 in Fighting
   522 | D:1      | Reached XP level 2. HP: 27/27 MP: 2/2
   877 | D:1      | Reached XP level 3. HP: 33/34 MP: 3/3
  1252 | D:2      | Reached ** piety under Trog
  1503 | D:2      | Noticed Jessica
  1514 | D:2      | Killed Jessica
  1515 | D:2      | Reached skill level 5 in Fighting
  1804 | D:2      | Reached XP level 4. HP: 42/42 MP: 4/4
  2517 | D:3      | Noticed a scorpion
  2528 | D:3      | Killed a scorpion
  2529 | D:3      | Reached XP level 5. HP: 42/50 MP: 5/5
  3399 | D:4      | Reached skill level 6 in Fighting
  3651 | D:4      | Reached XP level 6. HP: 57/57 MP: 6/6
  3918 | D:5      | Entered Level 5 of the Dungeon
  3921 | D:5      | Noticed an orc warrior
  3936 | D:5      | HP: 3/87 [orc warrior (9)]
  3936 | D:5      | Killed from afar by an orc priest

Illustrated notes

Levels and vault maps discovered:
D:1:      lemuel_arrival_muddy, layout_rooms,
          dreamdust_ecumenical_altar_drowned_temple, serial_bayou,
          serial_bayou_pond_b, serial_bayou_shore_a, serial_bayou_pond_a,
          serial_bayou_ford_a, st_stairs_11
D:2:      cheibrodos_greedy_goblins, layout_loops_corners, uniq_jessica
D:3:      minmay_recursive_quarters, layout_basic, grunt_decor_arrowhead,
          minmay_crystal_water, corexii_corridor_pit
D:4:      layout_basic, minmay_misc_feat_more_columns
D:5:      gammafunk_steamed_eel, layout_loops_ring,
          minmay_temple_entry_sparse_star

Skill      XL: |  1  2  3  4  5  6 |
---------------+-------------------+-----
Fighting       | 4 5 6 |  6.3
Dodging        | 2 3 |  3.0
Armour         | 3 4 |  4.5
Axes           | |  4.0
Staves         | |  0.3
Stealth        | |  0.3

Action                   |  1- 3 |  4- 6 || total
-------------------------+-------+-------++-------
Melee: Hand axe          |    82 |    94 ||   176
       Lajatang          |       |    36 ||    36
       War axe           |       |     2 ||     2
Invok: Berserk           |     2 |     3 ||     5
  Use: Scroll            |       |     5 ||     5
Armor: Animal skin       |    37 |       ||    37
       Ring mail         |     8 |    26 ||    34
       Scale mail        |       |    47 ||    47
Dodge: Dodged            |    49 |    79 ||   128
